 Dungeon Crawl Stone Soup version 0.32-a0-814-g0968bab981 (webtiles) character file.

Game seed: 2448710609658931955

42 mopl the Insei (level 3, 0/23 HPs)
             Began as an Octopode Shapeshifter on Mar 22, 2024.
             Killed from afar by a dart slug (5 damage)
             ... with a slug dart
             ... on level 2 of the Dungeon.
             The game lasted 00:01:02 (718 turns).

mopl the Insei (Octopode Shapeshifter)               Turns: 718, Time: 00:01:03

Health: 0/23       AC:  1    Str: 13    XL:     3   Next: 54%
Magic:  3/3        EV: 12    Int: 12    God:
Gold:   94         SH:  0    Dex: 13    Spells: 2/2 levels left

rFire   . .          .
                       - Unarmed
rCold   . . .        (no shield)
rNeg    . . .        (helmet currently unavailable)
rPois   .            i - amulet of regeneration
rElec   .            (no ring)
rCorr   .            (no ring)
SInv    .            (no ring)
Will    .....        (no ring)
Stlth   ++           (no ring)
HPRegen 1.03/turn    (no ring)
MPRegen 0.08/turn    (no ring)
                     (no ring)

%: no passive effects
@: beast-form
A: beast (slay +1), almost no armour, amphibious, 8 rings, camouflage 1,
gelatinous body 1, (nimble swimmer 1), tentacles
a: Begin Untransformation


You were on level 2 of the Dungeon.
You were a hulking beast.
You visited 1 branch of the dungeon, and saw 2 of its levels.

You collected 94 gold pieces.

Inventory:

Jewellery
 i - an amulet of regeneration (around mantle)
Talismans
 b - a beast talisman (active)
 c - a flux talisman
Wands
 j - a wand of paralysis (7)
Scrolls
 d - a scroll of vulnerability {unknown}
 e - a scroll of enchant armour {unknown}
 f - a scroll of amnesia {unknown}
 g - a scroll of identify {unknown}
 h - a scroll of blinking {unknown}
Potions
 a - a potion of lignification {!q}


   Skills:
 + Level 1.4 Fighting
 + Level 2.3 Dodging
 * Level 3.6 Unarmed Combat
 * Level 3.4 Shapeshifting


You had 2 spell levels left.
You didn't know any spells.
Your spell library was empty.

Dungeon Overview and Level Annotations

Branches:
Dungeon (2/15)

Altars:

Shops:
D:2 (


Innate Abilities, Weirdness & Mutations

You are a hulking beast.
Your limbs bulge with bestial killing power. (Slay +1)
You cannot wear most types of armour.
You are amphibious.
You can wear up to eight rings at the same time.
Your skin changes colour to match your surroundings (Stealth+).
Your rubbery body absorbs attacks. (AC +1, EV +1)
((You are camouflaged when in or above water. (Stealth+)))
You have tentacles for arms and can constrict up to eight enemies at once.


Message History

The dart slug launches a dart at you. The slug dart hits you.
You closely miss the ball python.
The kobold shouts!
You grab the ball python. You constrict the ball python.
You lose your grip on the ball python.
You closely miss the adder. You grab the adder. You constrict the adder.
The adder bites you.
You tentacle-slap the adder.
The adder is moderately wounded.
You constrict the adder.
The adder escapes!
You tentacle-slap the ball python.
You kill the ball python!
The adder bites you. The dart slug launches a dart at you.
The slug dart misses you.
You miss the adder. You grab the adder. You squeeze the adder.
You kill the adder!
An adder comes into view.
You closely miss the kobold.
The adder hisses angrily.
You grab the kobold. You squeeze the kobold.
You kill the kobold!
The endoplasm freezes you.
You are frozen.
The dart slug launches a dart at you. The slug dart hits you.
You barely miss the endoplasm. The endoplasm closely misses you.
You tentacle-slap the endoplasm.
The endoplasm is heavily wounded.
The dart slug launches a dart at you. The slug dart hits you.
The endoplasm freezes you.
You are frozen.
* * * LOW HITPOINT WARNING * * *
You tentacle-slap the endoplasm. You squeeze the endoplasm.
You kill the endoplasm!
The dart slug launches a dart at you. The slug dart hits you.
You die...

#........#
#........######
#........#.....
#........#.....
#.......[#.....
######........#.....
.(..................
######..###...#.....
#h....# ###.#.....
....[w)......#
#.......
..............#
###.###.
......S.......#
#.###.
..............#
#..##.
..............#
##..#.
..............#
#.....
..............#
#..#... #.###..


You could see an adder and a dart slug.

Vanquished Creatures
  An adder (D:2)
  2 dart slugs
  5 bats
  3 endoplasms
  2 giant cockroaches
  2 goblins (D:1)
  4 hobgoblins
  3 ball pythons
  2 kobolds
  4 rats
28 creatures vanquished.

Notes
Turn   | Place    | Note
-------+----------+-------------------------------------------
     0 | D:1      | mopl the Octopode Shapeshifter began the quest for the Orb.
     0 | D:1      | Reached XP level 1. HP: 13/13 MP: 1/1
   137 | D:1      | Reached XP level 2. HP: 18/18 MP: 2/2
   213 | D:1      | Found a faded altar of an unknown god.
   628 | D:2      | Reached XP level 3. HP: 23/23 MP: 3/3
   639 | D:2      | Found Jaceh Site's Antique Weapon Shop.
   718 | D:2      | Killed from afar by a dart slug

Illustrated notes

Levels and vault maps discovered:
D:1:      nagdon_arrival_zigzag_paths, layout_basic,
          shapermc_ecumenical_altar_pompeii
D:2:      layout_rooms, basic_altar, serial_shops, shop, nicolae_lakefront_shop,
          nicolae_shop_crystal, nicolae_shop_peninsula

Action                     || total
---------------------------++-------
  Melee: Unarmed           ||    45
         Constrict         ||    13
         Tentacles         ||     9
         Punch             ||     2
   Stab: Sleeping          ||     2
 Armour: Skin              ||    22
  Dodge: Dodged            ||    16

Table legend: (Time is in decaauts)
 A = Elapsed time spent in this place.
 B = Non-inter-level travel time spent in this place.
 C = Inter-level travel time spent in this place.
 D = Time resting spent in this place.
 E = Time spent auto-exploring this place.
 F = Levels seen in this place.
 G = Mean time per level.
                   A        B        C        D        E       F      G
               +--------+--------+--------+--------+--------+-----+--------+
         Total |    714 |    702 |     12 |      0 |    525 |   2 |  357.0 |
       Dungeon |    714 |    702 |     12 |      0 |    525 |   2 |  357.0 |
               +--------+--------+--------+--------+--------+-----+--------+

Top non-repeatable levels by time:
     D:1: 621 daAuts
     D:2: 93 daAuts
